 Dungeon Crawl Stone Soup version 0.31-a0-229-g1fc7ce93e2 (webtiles) character file.

Game seed: 15796036249790131029

78 qw the Shooter (level 4, -3/36 HPs)
             Began as a Minotaur Hexslinger on July 6, 2023.
             Was an Initiate of Okawaru.
             Killed by nerve-wracking pain
             ... invoked by an orc priest
              (14 damage)
             ... on level 3 of the Dungeon.
             The game lasted 00:00:40 (1564 turns).

qw the Shooter (Minotaur Hexslinger)                Turns: 1564, Time: 00:00:40

Health: -3/36      AC:  6    Str: 12    XL:     4   Next: 15%
Magic:  4/4        EV: 11    Int: 10    God:    Okawaru [......]
Gold:   96         SH:  0    Dex: 15    Spells: 4/5 levels left

rFire   . . .        Y - +1 sling
rCold   . . .        (no shield)
rNeg    . . .        f - +0 ring mail
rPois   .            (helmet restricted)
rElec   .            (no cloak)
rCorr   .            (no gloves)
SInv    .            b - +0 pair of boots
Will    .....        (no amulet)
Stlth   +            (no ring)
HPRegen 0.26/turn    (no ring)
MPRegen 0.09/turn

%: no passive effects
@: no status effects
A: horns 2, retaliatory headbutt
a: Renounce Religion


You were on level 3 of the Dungeon.
You worshipped Okawaru.
Okawaru was noncommittal.
You visited 1 branch of the dungeon, and saw 3 of its levels.

You collected 96 gold pieces.


Innate Abilities, Weirdness & Mutations

You have a pair of horns on your head.
You reflexively headbutt those who attack you in melee.


   Skills:
 - Level 2.0 Fighting
 + Level 4.5 Ranged Weapons
 - Level 1.1 Armour
 - Level 2.1 Dodging
 - Level 1.0 Spellcasting
 - Level 2.0 Hexes


You had 4 spell levels left.
You knew the following spells:

 Your Spells              Type           Power      Damage    Failure   Level
a - Slow                  Hex            16%        N/A       34%         1

Your spell library contained the following spells:

 Spells                   Type           Power      Damage    Failure   Level
 Inner Flame              Hex/Fire       2%         N/A       83%         3
 Portal Projectile        Hex/Tloc       4%         N/A       83%         3
 Cause Fear               Hex            2%         N/A       98%         4

Inventory:

Hand Weapons
 Y - a +1 sling (weapon)
Armour
 b - a +0 pair of boots (worn)
 f - a +0 ring mail (worn)
Scrolls
 a - a scroll of identify
Potions
 e - a potion of might

Dungeon Overview and Level Annotations

Branches:
Dungeon (3/15)

Altars:
Okawaru


Message History

You have reached level 4!
You feel agile.
You shoot a sling bullet.
The sling bullet hits the orc priest but does no damage.
The adder bites you but does no damage. The orc priest misses you.
You shoot a sling bullet. The sling bullet hits the orc priest.
The orc priest is lightly wounded.
The adder closely misses you. You furiously retaliate!
You headbutt the adder!
You kill the adder!
Okawaru accepts your kill.
The orc priest calls down the wrath of Beogh upon you.
Pain shoots through your body!
The orc priest mumbles some strange prayers to Beogh against you.
Beogh smites you!
An orc comes into view. It is wielding a +0 hand axe.
You shoot a sling bullet.
The sling bullet closely misses the orc priest.
The orc priest closely misses you. You furiously retaliate!
You headbutt the orc priest. You shoot a sling bullet.
The sling bullet hits the orc priest but does no damage.
The orc priest is heavily wounded.
The orc priest hits you but does no damage.
You shoot a sling bullet.
The sling bullet hits the orc priest but does no damage.
The orc priest is heavily wounded.
The orc priest hits you but does no damage.
You shoot a sling bullet.
The sling bullet closely misses the orc priest.
The sling bullet hits the orc.
The orc is heavily wounded.
The orc priest mumbles some strange prayers to Beogh against you.
Beogh smites you!
You shoot a sling bullet.
The sling bullet closely misses the orc priest.
The orc priest hits you with a +0 club.
You shoot a sling bullet.
The sling bullet barely misses the orc priest.
The orc priest mumbles some strange prayers to Beogh against you.
Pain shoots through your body!
You die...

# ## .#.##
..#. #..#
#+# ##...
..#
##.#.o#o#
##.#..#@#
##.#..#.##
##.#..#.##
##.#..#.##
##.#.)#.##
##.#..#.##
##.#..#.##
#.#
##.#..#.##
#.#
#......###
#.#


You could see an orc priest and an orc.

Vanquished Creatures
  3 adders
  A dart slug (D:1)
  An orc (D:3)
  5 ball pythons
  5 endoplasms
  4 giant cockroaches
  5 goblins
  2 hobgoblins (D:1)
  10 kobolds
  2 quokkas
  3 bats
  6 frilled lizards
47 creatures vanquished.

Notes
Turn   | Place    | Note
-------+----------+-------------------------------------------
     0 | D:1      | qw the Minotaur Hexslinger began the quest for the Orb.
     0 | D:1      | Reached XP level 1. HP: 16/16 MP: 1/1
     0 | D:1      | 0 ||| qw: Version: 0.3-a-46-gb1f654a
     0 | D:1      | 0 ||| qw: Game counter: 1627
     0 | D:1      | 0 ||| qw: Melee chars always use a shield: true
     0 | D:1      | 0 ||| qw: God list: Okawaru
     0 | D:1      | 0 ||| qw: Allow faded altars: false
     0 | D:1      | 0 ||| qw: Do Orc after clearing Dungeon:15 true
     0 | D:1      | 0 ||| qw: Do second Lair branch before Depths: true
     0 | D:1      | 0 ||| qw: Lair rune preference: random
     0 | D:1      | 0 ||| qw: Goals: Normal
     0 | D:1      | 0 ||| PLANNING D:1-11
   182 | D:1      | Reached skill level 3 in Ranged Weapons
   182 | D:1      | Reached XP level 2. HP: 23/23 MP: 2/2
   534 | D:1      | Found a faded altar of an unknown god.
   728 | D:1      | 728 ||| UPGRADING to +0 ring mail.
   738 | D:1      | 738 ||| DROPPING +0 robe.
   739 | D:1      | 739 ||| READING 2 scrolls labelled RUXUUNG IQOS.
   740 | D:1      | 740 ||| READING scroll labelled BOEP MAHOAB.
   741 | D:1      | 741 ||| READING scroll labelled JEADUNYEF.
   785 | D:1      | 785 ||| DROPPING scroll of poison.
   859 | D:2      | Reached XP level 3. HP: 29/29 MP: 3/3
   955 | D:2      | Reached skill level 4 in Ranged Weapons
  1015 | D:2      | Reached skill level 1 in Armour
  1065 | D:2      | Found an iron altar of Okawaru.
  1066 | D:2      | 1066 ||| PLANNING OKAWARU WORSHIP
  1073 | D:2      | Became a worshipper of Warmaster Okawaru
  1074 | D:2      | 1074 ||| PLANNING D:1-11
  1453 | D:2      | 1453 ||| UPGRADING to +0 pair of boots.
  1458 | D:2      | 1458 ||| READING scroll labelled ZORHU LYGELOWN.
  1461 | D:2      | 1461 ||| READING 2 scrolls of identify.
  1461 | D:2      | 1461 ||| IDENTIFYING sedimented black potion
  1557 | D:3      | Reached XP level 4. HP: 36/36 MP: 4/4
  1564 | D:3      | Killed from afar by an orc priest

Levels and vault maps discovered:
D:1:      tarquinn_simple_flora_water_c, layout_loops_ring,
          shapermc_ecumenical_altar_mp_vishouse, st_stairs_3, minivault_24
D:2:      layout_basic, basic_altar, st_stairs_12
D:3:      minmay_razor_zed, layout_loops_ring, biasface_ghost_orc_armoury,
          minmay_misc_feat_doors, kennysheep_generic_room_2

Skill      XL: |  1  2  3 |
---------------+----------+-----
Ranged Weapons | 3 4 |  4.5
Fighting       | 2 |  2.0
Armour         | 1 |  1.1
Dodging        | |  2.1
Spellcasting   | |  1.0
Hexes          | |  2.0

Action                     |  1- 3 |  4- 6 || total
---------------------------+-------+-------++-------
   Fire: Sling             |   146 |     8 ||   154
    Use: Scroll            |     5 |       ||     5
 Armour: Robe              |     8 |       ||     8
         Ring mail         |    14 |     3 ||    17
  Dodge: Dodged            |    32 |     3 ||    35

Table legend:
 A = Non-vault XP
 B = Vault XP
 C = Vault XP percentage of total XP
 D = Non-vault monster count
 E = Vault monster count
 F = Vault count percentage of total count
                 A         B        C        D         E       F
            +---------+---------+-------+---------+---------+-------
      Total |     107 |       5 |   4.5 |      43 |       4 |   8.5
            +---------+---------+-------+---------+---------+-------
        D:1 |      37 |       3 |   7.5 |      22 |       3 |  12.0
        D:2 |      46 |       2 |   4.2 |      15 |       1 |   6.2
        D:3 |      24 |       0 |   0.0 |       6 |       0 |   0.0
            +---------+---------+-------+---------+---------+-------
